 Dungeon Crawl Stone Soup version 0.17-a0-1753-g75d4604 (webtiles) character file.

30553 shakdrar the Unseen (level 13, -1/63 HPs)
             Began as a Vine Stalker Assassin on Sept 2, 2015.
             Was an Elder of Dithmenos.
             Slain by a death yak (14 damage)
             ... on level 5 of the Lair of Beasts.
             The game lasted 01:29:32 (13743 turns).

shakdrar the Unseen (Vine Stalker Assassin)        Turns: 13743, Time: 01:29:33

Health: -1/63      AC:  9    Str: 14    XL:     13   Next: 52%
Magic:  0/18       EV: 23    Int: 11    God:    Dithmenos [****..]
Gold:   718        SH:  8    Dex: 21    Spells: 0 memorised, 12 levels left

rFire  . . .     SeeInvis .     N - +3 short sword (drain)
rCold  . . .     Clarity  .     l - +2 robe {MR+}
rNeg   . . .     SustAt   .     k - +2 buckler
rPois  .         Gourm    .     i - +0 helmet
rElec  .         Spirit   +     B - +2 cloak
rCorr  .         Warding  .     (no gloves)
rMut   .         Stasis   .     Q - +0 pair of boots
MR     ++...                    (no amulet)
Stlth  ++++++++++               p - +3 ring of evasion
                                n - ring of stealth

@: wreathed by umbra, very resistant to hostile enchantments, uncannily stealthy
A: fangs 3, regeneration 3, magic shield, antimagic bite, no device heal 3, rot
immunity
a: Shadow Step, Renounce Religion


You were on level 5 of the Lair of Beasts.
You worshipped Dithmenos.
Dithmenos was greatly pleased with you.
You were not hungry.

You visited 3 branches of the dungeon, and saw 17 of its levels.

You collected 1015 gold pieces.
You spent 297 gold pieces at shops.

Inventory:

Hand weapons
 h - a +1 dagger of venom
 x - a +6 blowgun
 N - a +3 short sword of draining (weapon)
Missiles
 a - 5 silver javelins
 e - 48 poisoned needles
 R - 5 tomahawks of returning (quivered)
 W - 3 curare-tipped needles
Armour
 i - a +0 helmet (worn)
 k - a +2 buckler (worn)
 l - a +2 robe of magic resistance (worn)
 t - a +2 robe of cold resistance
 B - a +2 cloak (worn)
 D - a +0 robe of fire resistance
 Q - a +0 pair of boots (worn)
Jewellery
 b - an uncursed ring of ice
 n - a ring of stealth (left hand)
 p - a +3 ring of evasion (right hand)
 s - an uncursed ring of see invisible {unknown}
 M - a cursed ring of teleportation
 Y - an uncursed ring of protection from fire
Magical devices
 c - a wand of lightning (0)
 d - a wand of lightning (5)
 f - a wand of confusion (43)
 u - a wand of digging (4)
 F - a wand of disintegration (13)
 G - a wand of paralysis (12)
 H - a wand of lightning (0)
 J - a wand of draining (1)
Scrolls
 o - 7 scrolls of magic mapping
 q - a scroll of blinking
 w - 13 scrolls of remove curse
 C - 2 scrolls of teleportation
 E - a scroll of recharging
 O - a scroll of silence
 S - a scroll of enchant armour
 Z - 2 scrolls of fear
Potions
 m - 2 potions of resistance
 r - 2 potions of invisibility
 v - a potion of agility
 z - 3 potions of might
 A - a potion of curing
 V - 2 potions of haste
Books
 I - a book of Ice

   Spells                             Type                      Level
   a - Ice Form                       Ice/Transmutation            4
   b - Metabolic Englaciation         Hexes/Ice                    5
   c - Ozocubu's Refrigeration        Ice                          6
   d - Bolt of Cold                   Conjuration/Ice              6
   e - Freezing Cloud                 Conjuration/Ice/Air          6
   f - Simulacrum                     Ice/Necromancy               6
 K - a book of Air

   Spells                             Type                      Level
   a - Shock                          Conjuration/Air              1
   b - Swiftness                      Charms/Air                   2
   c - Repel Missiles                 Charms/Air                   2
   d - Static Discharge               Conjuration/Air              3
   e - Lightning Bolt                 Conjuration/Air              5
 P - a book of Alchemy

   Spells                             Type                      Level
   a - Sublimation of Blood           Necromancy                   2
   b - Ignite Poison                  Fire/Transmutation/Poison    3
   c - Alistair's Intoxication        Transmutation/Poison         4
   d - Condensation Shield            Ice                          4
   e - Petrify                        Transmutation/Earth          4
   f - Irradiate                      Conjuration/Transmutation    5
Comestibles
 g - 14 bread rations
 j - 3 royal jellies
 L - 4 fruits
 T - 4 meat rations
 X - a beef jerky


   Skills:
 + Level 5.1 Fighting
 + Level 4.8 Short Blades
 - Level 5.2 Throwing
 + Level 8.5 Dodging
 - Level 19.0 Stealth
 + Level 3.0 Shields
 - Level 6.0 Invocations
 - Level 6.0 Evocations


You had 12 spell levels left.
You didn't know any spells.

Dungeon Overview and Level Annotations

Branches:
Dungeon (11/15)            Temple (1/1) D:5            Lair (5/8) D:11
  Snake (0/4) Lair:3
  Swamp: Lair:3-6    Shoals: Lair:3-6       Orc: D:9-12

Altars:
Dithmenos
Qazlal

Shops:
D:4 *?=(!   D:6 *=*[

Annotations:
D:3 shakdrar's ghost, average GrMo
D:9 exclusion: oklob plant
Lair:3 exclusion: 3 oklob plants


Innate Abilities, Weirdness & Mutations

You have razor-sharp teeth.
You regenerate.
When hurt, damage is shared between your health and your magic reserves.
Your bite disrupts and absorbs the magic of your enemies.
Potions and wands cannot restore your health.
You are immune to rotting.


Message History

Aim: a death yak (moderately wounded, umbra)
You hear a mighty clap of thunder!
The bolt of lightning hits the death yak.
The death yak is heavily wounded.
The bolt of lightning misses the wolf.
This wand has 6 charges left.
That item cannot be evoked!
You drop 3 fruits.
The death yak gores you!
* * * LOW HITPOINT WARNING * * *
A porcupine comes into view.
Evoke which item? (* to show all) (? for menu, Esc to quit)
Zapping:
d - a wand of lightning (6)
Press: ? - help, Shift-Dir - straight line, f - death yak
Aim: a death yak (heavily wounded, umbra)
You hear a mighty clap of thunder!
The bolt of lightning hits the death yak.
The death yak is severely wounded.
The bolt of lightning hits the death yak.
The death yak appears unharmed.
This wand has 5 charges left.
The death yak gores you!!
You die...

###.#.#####.# #.#..
#####.'.###P.# #....#
##...........P# #..#.# #
#............#### ##+.... #
##...........##.# .......#####
##...........P.# .......#.....
#..............## ............##
###..........r..##h........+<.###
#...........##.@YY†..... ##.# #
##..........##.##h..... ####.
##P....#.P.#### ..... ##
#......#.### ..#. # ###....#..
... # .........# #. # ...........
.P.......... ..+..........


You could see 2 death yaks, 2 wolves and a porcupine.

Vanquished Creatures
  Maud (Lair:5)
  3 hydras
  2 death yaks (Lair:5)
  Urug (Lair:2)
  Pikel (D:6)
  3 hill giants
  6 spiny frogs
  A cyclops (D:11)
  3 black mambas
  6 elephants (Lair:5)
  3 komodo dragons
  A gargoyle (D:10)
  A troll (D:8)
  Grinder (D:4)
  A two-headed ogre (D:8)
  A spriggan (D:7)
  7 hippogriffs
  30 yaks
  3 orc warriors
  19 wolves
  A deep elf mage (D:11)
  2 nagas (Lair:3)
  Menkaure (D:7)
  13 water moccasins
  2 ice beasts
  Duvessa (D:6)
  7 porcupines
  4 sky beasts
  2 phantoms
  2 black bears
  A necrophage (D:8)
  8 crocodiles
  4 centaurs
  Blork the orc (D:4)
  11 giant frogs
  A gnoll sergeant (D:10)
  2 wyvern skeletons
  Dowan (D:6)
  A scorpion (D:6)
  3 killer bees (D:11)
  4 electric eels
  6 wights
  2 hounds
  2 quasits
  A centaur zombie (D:10)
  A jelly (D:5)
  5 crimson imps
  Crazy Yiuf (D:6)
  3 giant frog skeletons
  3 orc priests
  2 centaur skeletons
  10 orc wizards
  8 worker ants
  8 iguanas
  18 sheep
  A killer bee zombie (D:8)
  A hound zombie (D:9)
  A worker ant zombie (D:11)
  13 adders
  4 gnolls (D:10)
  66 river rats
  3 shadow imps
  3 oozes
  An adder skeleton (D:5)
  A worm (D:3)
  27 orcs
  3 giant cockroaches
  4 hobgoblins
  17 jackals
  7 kobolds
  A quokka (D:4)
  3 ball pythons (D:1)
  6 bats
  7 giant geckos
  A giant gecko skeleton (D:7)
  A giant gecko zombie (D:5)
  3 giant newts
  2 goblins (D:3)
  7 rats
419 creatures vanquished.

Vanquished Creatures (others)
  A slave (D:6)
  A wight (D:6)
  An adder (D:6)
  21 fungi
  14 plants
38 creatures vanquished.

Grand Total: 457 creatures vanquished

Notes
Turn   | Place    | Note
--------------------------------------------------------------
     0 | D:1      | shakdrar the Vine Stalker Assassin began the quest for the Orb.
     0 | D:1      | Reached XP level 1. HP: 11/11 MP: 2/2
    84 | D:1      | Reached skill level 5 in Stealth
   128 | D:1      | Reached skill level 1 in Dodging
   130 | D:1      | Reached XP level 2. HP: 10/15 MP: 3/3
   848 | D:2      | Reached XP level 3. HP: 18/18 MP: 4/4
  1341 | D:2      | Found a shadowy altar of Dithmenos.
  1349 | D:2      | Became a worshipper of Dithmenos the Shadowed
  1668 | D:3      | Reached XP level 4. HP: 23/23 MP: 5/5
  1689 | D:3      | Found a faded altar to an unknown god.
  1747 | D:3      | Reached skill level 6 in Stealth
  1786 | D:3      | Noticed shakdrar's ghost (average GrMo)
  1854 | D:4      | Found Booclor's Distillery.
  1923 | D:4      | Bought a potion of haste for 100 gold pieces
  1923 | D:4      | Bought a potion of degeneration for 10 gold pieces
  1923 | D:4      | Bought a potion of invisibility for 80 gold pieces
  1923 | D:4      | Bought a potion of agility for 40 gold pieces
  1959 | D:4      | Reached XP level 5. HP: 26/26 MP: 6/6
  2049 | D:4      | Found Zeyju's Magic Scroll Shoppe.
  2063 | D:4      | Found Woicsop's Assorted Antiques.
  2072 | D:4      | Reached skill level 7 in Stealth
  2098 | D:4      | Bought a glowing blowgun for 67 gold pieces
  2120 | D:4      | Noticed Grinder
  2139 | D:4      | Killed Grinder
  2139 | D:4      | Reached skill level 8 in Stealth
  2139 | D:4      | Gained mutation: You heal very quickly. [Vine Stalker growth]
  2139 | D:4      | Reached XP level 6. HP: 20/32 MP: 7/7
  2178 | D:4      | Noticed Blork the orc
  2194 | D:4      | Killed Blork the orc
  2194 | D:4      | Reached XP level 7. HP: 26/35 MP: 6/8
  2231 | D:4      | Found Dimpad's Antique Weapon Boutique.
  2298 | D:4      | Found Geajuer's Jewellery Shop.
  2395 | D:5      | Entered Level 5 of the Dungeon
  2410 | D:5      | Found a stormy altar of Qazlal.
  2601 | D:5      | Reached skill level 9 in Stealth
  3026 | D:5      | Found a staircase to the Ecumenical Temple.
  3037 | Temple   | Entered the Ecumenical Temple
  3219 | D:6      | Reached skill level 10 in Stealth
  3219 | D:6      | Gained mutation: You have razor-sharp teeth. [Vine Stalker growth]
  3219 | D:6      | Reached XP level 8. HP: 39/39 MP: 9/9
  3287 | D:6      | Noticed Dowan
  3288 | D:6      | Noticed Duvessa
  3303 | D:6      | Killed Dowan
  3434 | D:6      | Noticed Pikel
  3463 | D:6      | Found Yskonis's Antique Armour Shop.
  3466 | D:6      | Found Runk's Assorted Antiques.
  3580 | D:6      | Found Xumot's Jewellery Boutique.
  3658 | D:6      | Found Volisuax's General Store.
  3673 | D:6      | Killed Duvessa
  3775 | D:6      | Reached skill level 11 in Stealth
  3981 | D:6      | Killed Pikel
  3981 | D:6      | Reached skill level 5 in Dodging
  3981 | D:6      | Reached XP level 9. HP: 42/44 MP: 10/10
  4411 | D:6      | Noticed Crazy Yiuf
  4435 | D:6      | Killed Crazy Yiuf
  4532 | D:7      | Acquired Dithmenos's first power
  4752 | D:7      | Noticed Menkaure
  4759 | D:7      | Killed Menkaure
  4938 | D:7      | Reached skill level 12 in Stealth
  4954 | D:7      | Reached XP level 10. HP: 39/49 MP: 11/11
  5582 | D:8      | Reached skill level 5 in Throwing
  5696 | D:8      | Reached skill level 13 in Stealth
  6541 | D:9      | Reached skill level 1 in Invocations
  6621 | D:9      | Reached skill level 1 in Evocations
  6729 | D:9      | Identified a scroll of acquirement
  7148 | D:9      | Noticed an oklob plant
  7191 | D:10     | Entered Level 10 of the Dungeon
  7206 | D:10     | Acquired Dithmenos's second power
  7372 | D:10     | Reached XP level 11. HP: 54/54 MP: 13/13
  7433 | D:10     | Reached skill level 14 in Stealth
  7935 | D:10     | Noticed a hill giant
  8014 | D:10     | Killed a hill giant
  8376 | D:11     | Found a staircase to the Lair.
  8482 | D:11     | Noticed a hill giant
  8522 | D:11     | Killed a hill giant
  8598 | D:11     | Reached skill level 15 in Stealth
  8642 | D:11     | Noticed a hill giant
  8658 | D:11     | Killed a hill giant
  9106 | Lair:1   | Entered Level 1 of the Lair of Beasts
  9402 | Lair:1   | Reached skill level 16 in Stealth
  9428 | Lair:1   | Acquired Dithmenos's third power
  9655 | Lair:1   | Gained mutation: You regenerate. [Vine Stalker growth]
  9655 | Lair:1   | Reached XP level 12. HP: 58/58 MP: 16/16
  9668 | Lair:1   | Reached skill level 5 in Invocations
  9846 | Lair:1   | Noticed a four-headed hydra
  9856 | Lair:1   | Killed a four-headed hydra
 10094 | Lair:2   | Noticed a five-headed hydra
 10136 | Lair:2   | Killed a five-headed hydra
 10136 | Lair:2   | Reached skill level 17 in Stealth
 10534 | Lair:2   | Noticed Urug
 10700 | Lair:2   | Reached skill level 5 in Evocations
 11158 | Lair:2   | Killed Urug
 11158 | Lair:2   | Reached skill level 18 in Stealth
 11314 | Lair:3   | Acquired Dithmenos's fourth power
 11848 | Lair:3   | Found a staircase to the Snake Pit.
 11859 | Lair:3   | Noticed a five-headed hydra
 11866 | Lair:3   | Killed a five-headed hydra
 12524 | Lair:4   | Reached XP level 13. HP: 63/63 MP: 14/18
 12649 | Lair:4   | Reached skill level 19 in Stealth
 12649 | Lair:4   | Reached skill level 1 in Shields
 13155 | Lair:5   | Noticed Maud
 13160 | Lair:5   | Killed Maud
 13221 | Lair:5   | Found a shadowy altar of Dithmenos.
 13515 | Lair:5   | Reached skill level 5 in Fighting
 13743 | Lair:5   | Slain by a death yak

Vault maps used:
D:1:      scummos_arrival_simple_crosswalls
D:2:      grunt_dithmenos_smoke_and_mirrors
D:3:      first_bread, ecumenical_altar_1, serial_bayou_lagoon_a
D:4:      serial_shops, shop, nicolae_shop_waterfront, shop, shop_statue, shop,
          uniq_grinder, uniq_blork_the_orc
D:5:      grunt_qazlal_sundering, minmay_temple_entry_nine_rooms,
          minmay_hedge_maze
D:6:      serial_shops, shop, nicolae_shop_waterfront, shop,
          nicolae_shop_behind_doors, uniq_duvessa, uniq_crazy_yiuf_cottage,
          uniq_pikel
D:7:      the_bakery, kennysheep_generic_room_15, uniq_menkaure
D:8:      minivault_24, corexii_corridor_pit
D:9:      lemuel_slime
D:11:     lair_0_dummy
Temple:   kilobyte_greek_temple_18
Lair:1:   st_stairs_3, hangedman_lair_unloving_vines, pond, lemuel_fruit_fields,
          infiniplex_staircase_pool_2
Lair:2:   serial_bayou_shore_b, wad_woods_river_01, bh_autumn_forest_stairs,
          uniq_urug
Lair:3:   dpeg_oklob_gauntlet, guppyfry_snake_entry_island, serial_bayou_pond_b,
          hibernation_bobbens
Lair:5:   basic_altar, uniq_maud

Action                   |  1- 3 |  4- 6 |  7- 9 | 10-12 | 13-15 || total
-------------------------+-------+-------+-------+-------+-------++-------
Melee: Dagger            |   110 |    53 |   288 |   274 |       ||   725
       Short sword       |       |       |       |   787 |   226 ||  1013
 Fire: Blowgun           |       |     6 |    36 |    37 |       ||    79
Invok: Shadow Step       |       |       |       |     6 |     3 ||     9
Evoke: Wand              |       |       |       |     9 |    10 ||    19
  Use: Scroll            |     9 |       |     6 |    19 |     2 ||    36
       Potion            |     6 |       |     1 |     6 |     1 ||    14
 Stab: Sleeping          |    14 |     8 |    25 |    70 |    11 ||   128
       Distracted        |     1 |       |       |     6 |       ||     7
  Eat: Meat ration       |     1 |       |     1 |     5 |       ||     7
       Beef jerky        |     1 |       |       |       |     1 ||     2
       Pizza             |       |       |     1 |       |       ||     1
       Bread ration      |       |       |       |     1 |       ||     1
